 Dungeon Sprint DCSS version 0.29.1-2-gbd0b4ee654 (webtiles) character file.

Game seed: 12510960991393134963

4200000 raph the Intangible (level 23, -155/201 HPs)
             Began as a Djinni Warper on Nov 29, 2022.
             Was the Champion of Makhleb.
             Annihilated by a sculptor of flesh
             ... wielding a +9 great sword
              (243 damage)
             ... in the Dungeon (Sprint VIII: "Arena of Blood").
             The game lasted 00:01:33 (42 turns).

raph the Intangible (Djinni Warper)                   Turns: 42, Time: 00:01:34

Health: -155/201   AC:  6    Str: 10    XL:     23   Next: 37%
Gold:   0          EV: 33    Int: 17    God:    Makhleb [******] SH:  0 Dex: 22

rFire   + + .      SeeInvis .   i - +∞ Axe of Woe
rCold   x . .      Faith    .   (shield currently unavailable)
rNeg    . . .      Spirit   .   b - +0 leather armour
rPois   ∞          Reflect  .   (no helmet)
rElec   .          Harm     .   (no cloak)
rCorr   .          Rampage  .   (no gloves)
Will    ++...      NoTele   +   (boots unavailable)
Stlth   +++++++++.              (no amulet)
HPRegen 0.43/turn               j - +250 ring of slaying
MPRegen 0.00/turn               (no ring)

@: flying
A: sickness immunity, fire resistance 2, cold vulnerability 1, float, innate
caster, HP casting, extra vitality 1
a: Renounce Religion, Minor Destruction, Lesser Servant of Makhleb, Major
Destruction, Greater Servant of Makhleb


You were in the Dungeon.
You worshipped Makhleb.
Makhleb was exalted by your worship.
You visited 1 branch

Inventory:

Hand Weapons
 a - a +0 hand axe
 i - the +∞ Axe of Woe (weapon)
   (You found it in the Dungeon)
Missiles
 d - 6 boomerangs of dispersal (quivered)
Armour
 b - a +0 leather armour (worn)
Jewellery
 j - a +250 ring of slaying (left hand)
Scrolls
 c - 2 scrolls of blinking
Potions
 e - a potion of curing
 f - a potion of heal wounds
 g - a potion of haste
 h - a potion of berserk rage


   Skills:
 O Level 27 Fighting
 O Level 27 Axes
 O Level 27 Throwing
 O Level 27 Armour
 O Level 27 Dodging
 + Level 23.4 Stealth
 + Level 25.3 Unarmed Combat
 O Level 27 Spellcasting
 + Level 25.3 Invocations


You had 10 spell levels left.
You knew the following spells:

 Your Spells              Type           Power      Damage    Failure   Level
a - Blink                 Tloc           100%       N/A       0%          2
b - Lesser Beckoning      Tloc           86%        N/A       0%          3
c - Gell's Gravitas       Tloc           86%        N/A       0%          3
d - Teleport Other        Tloc           86%        N/A       0%          3
e - Manifold Assault      Tloc           86%        N/A       0%          5
f - Slow                  Hex            100%       N/A       0%          1
g - Scorch                Fire           100%       2d10      0%          2
h - Call Canine Familiar  Summ           86%        N/A       0%          3
i - Portal Projectile     Hex/Tloc       100%       N/A       0%          3
j - Leda's Liquefaction   Hex/Erth       43%        N/A       0%          4
k - Alistair's Intoxicat  Tmut/Pois      57%        N/A       0%          5
l - Simulacrum            Ice/Necr       43%        N/A       0%          6
m - Starburst             Conj/Fire      43%        6d12      0%          6
n - Dispersal             Tloc           43%        N/A       0%          6
o - Orb of Destruction    Conj           43%        9d12      1%          7
p - Summon Hydra          Summ           43%        N/A       1%          7
Your spell library was empty.

Dungeon Overview and Level Annotations

Branches:
Dungeon (1/1)

Altars:
Makhleb


Innate Abilities, Weirdness & Mutations

You are immune to sickness and miasma.
You are immune to poison.
Your flesh is very heat resistant. (rF++)
You are vulnerable to cold. (rC-)
You float through the air rather than walking.
You learn spells naturally, not from books.
Your magical power is your life essence.
You have superior vitality. (+4 MHP)


Message History

Makhleb accepts your kill.
You hear a shout! x3
An eight-headed meat hydra comes into view.
Your Unarmed Combat skill increases to level 23!
Your Invocations skill increases to level 23!
The bag of meat shouts!
You slice the bag of meat!!
You pulverise the bag of meat into a thin bloody mist.
You kill the bag of meat!
Makhleb accepts your kill.
You hear a shout! x4
The meat berserker hits you with a +9 battleaxe!!!
Your Stealth skill increases to level 22!
Your Unarmed Combat skill increases to level 24!
Your Invocations skill increases to level 24!
You dice the meat berserker like an onion!!!
You pulverise the meat berserker into a thin bloody mist.
You kill the meat berserker!
Makhleb accepts your kill.
You feel better.
The destroyer appears out of thin air!
A destroyer comes into view. It is wielding a +9 vorpal great sword.
You hear a shout! x5
A bag of meat comes into view. It is wielding a +9 war axe.
You hear a shout! x2
Your Stealth skill increases to level 23!
Your Unarmed Combat skill increases to level 25!
Your Invocations skill increases to level 25!
j - a +250 ring of slaying (left hand)
The sculptor of flesh appears out of thin air!
A sculptor of flesh comes into view. It is wielding a +9 great sword.
You hear a shout! x3
Found an ivory ring.
The accursed appears out of thin air!
An accursed comes into view.
You hear a shout! x9
The eight-headed meat hydra calls on the powers of darkness!
The eight-headed meat hydra convulses!
The bag of meat convulses!
Your body is wracked with pain!
The bag of meat convulses!
The sculptor of flesh hits you with a +9 great sword!!!!!
Ouch! That really hurt!
You die...

......###.........
..###.......###...
....#.....).#....
....#...)..)#....
.......)☼°.....).
.....).).)°.....#
...)..o).○.....#..
...).V)M).).D##...
.).#).).@)o.#.....
)).)....z...#...##
..##)#...☼○§....O
. ........)§....
#....#..§°.####
............
.............
.......=......


You could see an accursed (wandering), an eight-headed meat hydra, a destroyer,
a sculptor of flesh and 2 bags of meat.

Vanquished Creatures
  2 vampire knights (D)
  15 ogres (D)
  3 two-headed ogres (D)
  22 orcs (D)
  2 skeletal warriors (D)
44 creatures vanquished.

Notes
Turn   | Place    | Note
-------+----------+-------------------------------------------
     0 | D        | Found the +∞ Axe of Woe
     0 | D        | raph the Djinni Warper began the quest for the Orb.
     0 | D        | raph set off with the following spells memorised: Blink,
                  | Lesser Beckoning, Gell's Gravitas, Teleport Other, Manifold
                  | Assault.
     0 | D        | Reached XP level 1. HP: 18/18 MP: 0/0
     1 | D        | Noticed a bag of meat
     3 | D        | Became a worshipper of Makhleb the Destroyer
     3 | D        | Noticed a meat berserker
     5 | D        | Noticed a bag of meat
     8 | D        | Noticed a bag of meat
    10 | D        | Killed a bag of meat
    11 | D        | Reached skill level 10 in Armour
    11 | D        | Reached XP level 2. HP: 37/37 MP: 0/0
    11 | D        | Reached XP level 3. HP: 42/42 MP: 0/0
    11 | D        | Learned a level 1 spell: Slow
    11 | D        | Reached XP level 4. HP: 49/49 MP: 0/0
    11 | D        | Reached XP level 5. HP: 54/54 MP: 0/0
    11 | D        | Learned a level 2 spell: Scorch
    11 | D        | Reached XP level 6. HP: 59/59 MP: 0/0
    11 | D        | Reached XP level 7. HP: 65/65 MP: 0/0
    11 | D        | Learned a level 3 spell: Call Canine Familiar
    11 | D        | Reached XP level 8. HP: 71/71 MP: 0/0
    11 | D        | Reached XP level 9. HP: 76/76 MP: 0/0
    11 | D        | Learned a level 3 spell: Portal Projectile
    11 | D        | Reached XP level 10. HP: 83/83 MP: 0/0
    11 | D        | Reached XP level 11. HP: 87/87 MP: 0/0
    11 | D        | Learned a level 4 spell: Leda's Liquefaction
    11 | D        | Killed a bag of meat
    11 | D        | Reached * piety under Makhleb
    11 | D        | Killed a bag of meat
    12 | D        | Reached skill level 10 in Spellcasting
    12 | D        | Reached XP level 12. HP: 93/99 MP: 0/0
    12 | D        | Reached XP level 13. HP: 98/104 MP: 0/0
    12 | D        | Learned a level 5 spell: Alistair's Intoxication
    12 | D        | Noticed a bag of meat
    12 | D        | Noticed a bag of meat
    12 | D        | Noticed a bag of meat
    12 | D        | Noticed a bag of meat
    12 | D        | Noticed a bag of meat
    12 | D        | Noticed a meat berserker
    12 | D        | Noticed a bag of meat
    13 | D        | Killed a bag of meat
    13 | D        | Killed a bag of meat
    13 | D        | Reached ** piety under Makhleb
    13 | D        | Killed a bag of meat
    13 | D        | Noticed a bag of meat
    13 | D        | Noticed a meat berserker
    13 | D        | Noticed a meat berserker
    14 | D        | Reached skill level 15 in Armour
    14 | D        | Reached XP level 14. HP: 116/116 MP: 0/0
    14 | D        | Killed a meat berserker
    14 | D        | Killed a bag of meat
    14 | D        | Reached *** piety under Makhleb
    14 | D        | Killed a bag of meat
    15 | D        | Reached skill level 15 in Axes
    15 | D        | Reached skill level 15 in Throwing
    15 | D        | Reached XP level 15. HP: 126/126 MP: 0/0
    15 | D        | Learned a level 6 spell: Simulacrum
    15 | D        | Reached **** piety under Makhleb
    15 | D        | Killed a meat berserker
    16 | D        | Reached skill level 15 in Spellcasting
    16 | D        | Reached XP level 16. HP: 137/137 MP: 0/0
    16 | D        | Killed a meat berserker
    16 | D        | Reached ***** piety under Makhleb
    16 | D        | Noticed a meat berserker
    17 | D        | Reached XP level 17. HP: 146/146 MP: 0/0
    17 | D        | Learned a level 6 spell: Starburst
    17 | D        | Killed a meat berserker
    17 | D        | Noticed a destroyer
    18 | D        | Killed a destroyer
    19 | D        | Reached XP level 18. HP: 159/159 MP: 0/0
    19 | D        | Noticed a large bag of meat
    20 | D        | Killed a large bag of meat
    20 | D        | Reached ****** piety under Makhleb
    21 | D        | Reached XP level 19. HP: 168/168 MP: 0/0
    21 | D        | Learned a level 6 spell: Dispersal
    21 | D        | Noticed a large bag of meat
    21 | D        | Noticed a meat berserker
    22 | D        | Noticed a meat berserker
    24 | D        | Killed a large bag of meat
    24 | D        | Killed a meat berserker
    24 | D        | Killed a meat berserker
    25 | D        | Reached skill level 27 in Dodging
    25 | D        | Reached XP level 20. HP: 180/180 MP: 0/0
    25 | D        | Noticed a meat berserker
    25 | D        | Noticed a meat berserker
    26 | D        | Noticed a meat berserker
    26 | D        | Killed a meat berserker
    26 | D        | Killed a meat berserker
    26 | D        | Killed a meat berserker
    27 | D        | Reached skill level 27 in Fighting
    27 | D        | Reached skill level 27 in Armour
    28 | D        | Noticed a destroyer
    29 | D        | Reached XP level 21. HP: 187/187 MP: 0/0
    29 | D        | Learned a level 7 spell: Orb of Destruction
    29 | D        | Noticed a meat berserker
    29 | D        | Noticed a large bag of meat
    30 | D        | Reached skill level 27 in Axes
    30 | D        | Reached skill level 27 in Throwing
    30 | D        | Reached skill level 27 in Spellcasting
    30 | D        | Killed a meat berserker
    30 | D        | Killed a large bag of meat
    30 | D        | Killed a destroyer
    31 | D        | Reached skill level 15 in Stealth
    31 | D        | Reached XP level 22. HP: 194/194 MP: 0/0
    31 | D        | Noticed a meat berserker
    32 | D        | Noticed a meat berserker
    32 | D        | Noticed a meat berserker
    33 | D        | Noticed a meat berserker
    34 | D        | Noticed a large bag of meat
    34 | D        | Noticed a meat berserker
    36 | D        | Killed a meat berserker
    36 | D        | Killed a meat berserker
    37 | D        | Killed a meat berserker
    37 | D        | Killed a meat berserker
    38 | D        | Reached XP level 23. HP: 201/201 MP: 0/0
    38 | D        | Learned a level 7 spell: Summon Hydra
    41 | D        | Noticed a destroyer
    42 | D        | Annihilated by a sculptor of flesh

Illustrated notes

Levels and vault maps discovered:
D:        meatsprint

Skill      XL: |  1  2  3  4  5  6  7  8  9 10 11 12 13 14 15 16 17 18 19 20 21 22 23 |
---------------+----------------------------------------------------------------------+-----
Fighting       | 11 13 16 18 20 21 23 25 26 27 | 27.0
Axes           | 9 11 13 15 17 18 20 21 23 26 27 | 27.0
Throwing       | 9 11 13 15 16 18 20 21 23 26 27 | 27.0
Armour         | 10 13 15 18 19 21 23 24 26 27 | 27.0
Dodging        | 12 14 17 19 21 23 25 26 27 | 27.0
Spellcasting   | 8 10 12 14 15 17 18 19 21 24 27 | 27.0
Stealth        | 15 21 23 | 23.4
Unarmed Combat | 16 22 25 | 25.3
Invocations    | 16 22 25 | 25.3

Action                   |  1- 3 |  4- 6 |  7- 9 | 10-12 | 13-15 | 16-18 | 19-21 | 22-24 || total
-------------------------+-------+-------+-------+-------+-------+-------+-------+-------++-------
Melee: Executioner's axe |     1 |       |       |     2 |     9 |    10 |    15 |     5 ||    42
Throw: Boomerang         |     1 |       |       |       |       |       |       |       ||     1
 Cast: Manifold Assault  |       |       |       |     1 |     3 |     4 |     5 |       ||    13
